 Dungeon Crawl Stone Soup version 0.16.2-12-gd0ad4c3 (webtiles) character file.

470 dvd the Poker (level 7, -1/54 HPs)
             Began as a Merfolk Gladiator on Sept 20, 2015.
             Was an Initiate of Makhleb.
             Killed from afar by Dowan (15 damage)
             ... with a shard of ice
             ... on level 4 of the Dungeon.
             The game lasted 00:22:11 (4051 turns).

dvd the Poker (Merfolk Gladiator)                   Turns: 4051, Time: 00:22:11

Health: -1/54      AC:  5    Str: 16    XL:     7   Next: 9%
Magic:  7/7        EV: 21    Int:  7    God:    Makhleb [......]
Gold:   103        SH:  0    Dex: 21    Spells: 0 memorised, 6 levels left

rFire  . . .     SeeInvis .     a - +0 trident
rCold  . . .     Clarity  .     x - -1 leather armour (curse)
rNeg   . . .     SustAb   .     (no shield)
rPois  .         Gourm    .     v - +1 helmet
rElec  .         Spirit   .     (no cloak)
rCorr  .         Warding  .     k - +0 pair of gloves
rMut   .         Stasis   .     (no boots)
MR     +....                    (no amulet)
Stlth  +++.......               (no ring)
                                p - ring of protection from magic

@: agile, somewhat resistant to hostile enchantments, fairly stealthy
A: change form in water, swift swim
a: Renounce Religion


You were on level 4 of the Dungeon.
You worshipped Makhleb.
Makhleb was noncommittal.
You were not hungry.

You visited 1 branch of the dungeon, and saw 5 of its levels.

You collected 103 gold pieces.

Inventory:

Hand weapons
 a - a +0 trident (weapon)
 i - a +2 dagger of speed
 j - a cursed -2 short sword
 n - a +0 dagger of venom
 t - a cursed -1 dagger
 u - a +0 hunting sling of flaming
Armour
 b - a +0 leather armour
 c - a +0 helmet
 k - a +0 pair of gloves (worn)
 v - a +1 helmet (worn)
 x - a cursed -1 leather armour (worn)
Jewellery
 p - a ring of protection from magic (left hand)
Potions
 g - 3 potions of curing {unknown}
 q - a potion of cancellation {unknown}
 w - a potion of heal wounds {unknown}
Comestibles
 f - 2 bread rations
 h - a meat ration
 m - a beef jerky
 s - 7 chunks of flesh


   Skills:
 + Level 4.1 Fighting
 + Level 7.1 Polearms
 + Level 2.5 Throwing
 + Level 2.1 Armour
 + Level 5.7 Dodging
 + Level 1.6 Stealth


You had 6 spell levels left.
You didn't know any spells.

Dungeon Overview and Level Annotations

Branches:
Dungeon (5/15)
 Temple: D:4-7

Altars:
Makhleb
The Shining One

Annotations:
D:4 Dowan
D:5 Edmund


Message History

You feel agile all of a sudden. Dowan hits you but does no damage. x2
You hit Dowan but do no damage. Dowan misses you.
You puncture Dowan!
Dowan is heavily wounded.
Dowan misses you.
You closely miss Dowan.
Dowan is heavily wounded.
Dowan misses you.
Dowan points at you and mumbles some strange words.
The stone arrow hits you!
* * * LOW HITPOINT WARNING * * *
You barely miss Dowan.
Dowan is heavily wounded.
Dowan closely misses you.
You hit Dowan.
Dowan is heavily wounded.
Dowan casts a spell at you. The shard of ice hits you!
You die...

***********#.# #.# #.#.# **
###.#####.# #<#.# ,* #.........#
#.#.# ,* #.#[#####.# ###.#.#
,*****####.#.# #.# #......
,,,,,,,....#.# #.# #......
,*******#..#.# #.# #.###.#
,**.#####..#.#####.########.**#<#
,,..............@e(.....>##......
,,,.#####..#.#.###.#####.##......
,,#.#####..#....................#
,,....................##.##..##.#
,,#.#####..#.#..(##.#.##.##..##.#
,,*,****#.!#.#.#.##.#.##.##..##..
,,,,,,,........#.##.#.....[..##..
,,,,,...............#........##.#
,,*,#####..#.###.##.#........##.#


You could see Dowan.

Vanquished Creatures
  Duvessa (D:4)
  Blork the orc (D:4)
  2 hounds (D:4)
  3 orc wizards (D:4)
  7 gnolls
  4 adders
  4 worms
  3 giant geckos
  3 oozes
  3 orcs
  11 bats
  A bat skeleton (D:4)
  A giant cockroach (D:1)
  9 hobgoblins
  7 kobolds
  A quokka (D:3)
  A ball python (D:3)
  12 goblins
  3 jackals (D:2)
  5 rats
82 creatures vanquished.

Notes
Turn   | Place    | Note
--------------------------------------------------------------
     0 | D:1      | dvd, the Merfolk Gladiator, began the quest for the Orb.
     0 | D:1      | Reached XP level 1. HP: 16/16 MP: 1/1
   313 | D:1      | Reached XP level 2. HP: 22/22 MP: 2/2
   954 | D:2      | Reached skill level 5 in Polearms
   954 | D:2      | Reached XP level 3. HP: 26/28 MP: 3/3
  1161 | D:2      | Reached XP level 4. HP: 34/34 MP: 4/4
  1731 | D:3      | Found a glowing golden altar of the Shining One.
  2025 | D:3      | Reached skill level 6 in Polearms
  2061 | D:3      | Reached XP level 5. HP: 32/41 MP: 5/5
  2168 | D:2      | Reached skill level 5 in Dodging
  2168 | D:2      | Reached skill level 1 in Stealth
  3191 | D:4      | Noticed Edmund
  3213 | D:5      | Entered Level 5 of the Dungeon
  3262 | D:4      | Noticed Duvessa
  3266 | D:4      | Noticed Dowan
  3595 | D:4      | Noticed Blork the orc
  3611 | D:4      | Killed Blork the orc
  3611 | D:4      | Reached skill level 1 in Armour
  3611 | D:4      | Reached XP level 6. HP: 8/48 MP: 6/6
  3905 | D:4      | Found a burning altar of Makhleb.
  3911 | D:4      | Became a worshipper of Makhleb the Destroyer
  3979 | D:4      | Reached skill level 7 in Polearms
  4045 | D:4      | Killed Duvessa
  4045 | D:4      | Reached XP level 7. HP: 22/54 MP: 7/7
  4051 | D:4      | Killed from afar by Dowan

Action                   |  1- 3 |  4- 6 |  7- 9 || total
-------------------------+-------+-------+-------++-------
Melee: Trident           |    71 |   250 |     5 ||   326
Throw: Throwing net      |       |     5 |       ||     5
  Use: Scroll            |       |     4 |       ||     4
       Potion            |       |       |     1 ||     1
  Eat: Chunk             |     1 |     8 |       ||     9
       Beef jerky        |       |     1 |       ||     1
